 Dungeon Crawl Stone Soup version 0.28.0 (webtiles) character file.

Game seed: 8270495232645407813

146 dolemite99 the Chopper (level 5, -5/42 HPs)
             Began as a Hill Orc Gladiator on Feb 11, 2022.
             Was an Initiate of Yredelemnul.
             Slain by Sigmund (9 damage)
             ... on level 2 of the Dungeon.
             The game lasted 00:02:24 (2533 turns).

dolemite99 the Chopper (Hill Orc Gladiator)         Turns: 2533, Time: 00:02:24

Health: -5/42      AC:  9    Str: 19    XL:     5   Next: 28%
Magic:  5/5        EV:  7    Int:  8    God:    Yredelemnul [......]
Gold:   37         SH:  0    Dex: 12    Spells: 4/4 levels left

rFire   . . .      SeeInvis .   a - +0 war axe
rCold   . . .      Faith    .   (no shield)
rNeg    . . .      Spirit   .   g - +0 chain mail
rPois   .          Reflect  .   c - +0 helmet
rElec   .          Harm     .   (no cloak)
rCorr   .          Rampage  .   (no gloves)
Will    .....                   (no boots)
Stlth   ..........              (no amulet)
HPRegen 0.14/turn               (no ring)
MPRegen 0.09/turn               (no ring)

@: no status effects
A: no striking features
a: Renounce Religion, Recall Undead Harvest


You were on level 2 of the Dungeon.
You worshipped Yredelemnul.
Yredelemnul was noncommittal.
You visited 1 branch of the dungeon, and saw 2 of its levels.

You collected 37 gold pieces.

Inventory:

Hand Weapons
 a - a +0 war axe (weapon)
 l - a +0 hunting sling
Missiles
 d - 3 throwing nets (quivered)
 h - 6 curare-tipped darts
 i - 7 sling bullets
 j - 20 arrows
 k - 115 stones
Armour
 b - a +0 leather armour
 c - a +0 helmet (worn)
 g - a +0 chain mail (worn)
Jewellery
 e - a ring of fire
Scrolls
 f - a scroll of fog {unknown}
 m - a scroll of torment {unknown}


   Skills:
 - Level 2.4 Fighting
 + Level 7.7 Axes
 - Level 1.7 Throwing
 - Level 2.4 Dodging


You had 4 spell levels left.
You didn't know any spells.
Your spell library contained the following spells:

 Spells                   Type           Power      Damage    Failure   Level
 Foxfire                  Conj/Fire      0%         2x1d4     99%         1
 Sting                    Tmut/Pois      0%         1d3       99%         1
 Poisonous Vapours        Pois/Air       0%         N/A       100%        2
 Conjure Flame            Conj/Fire      0%         6-21      100%        3
 Inner Flame              Hex/Fire       0%         N/A       100%        3
 Flame Wave               Conj/Fire      0%         2d4       100%        4
 Olgreb's Toxic Radiance  Pois           0%         N/A       100%        4


Dungeon Overview and Level Annotations

Branches:
Dungeon (2/15)

Altars:
Yredelemnul

Shops:
D:2 =[(

Annotations:
D:2 Sigmund


Message History

You hit the ball python.
You kill the ball python!
A black mist starts to gather...
A magic dart appears from out of thin air!
The magic dart hits you.
No target in view!
No target in view!
No target in view!
No target in view!
Unknown command.
There are no items here.
There are no items here.
You swap places.
Something closely misses your ball python zombie.
Something hits you. Something hits you but does no damage. Something hits you!
You swap places.
Something hits you.
Found a scale mail.
There is an entrance to Jalosid's Antique Armour Emporium here.
Something hits you!
Your ball python zombie barely misses something.
You start resting.
Something hits you!
* * * LOW HITPOINT WARNING * * *
Your ball python zombie barely misses something.
You start resting.
Your ball python zombie bites something.
There is a strange disturbance nearby!
You swap places.
Something hits you!
* * * LOW HITPOINT WARNING * * *
There is an entrance to Jalosid's Antique Armour Emporium here.
It was a potion of curing.
You feel better. Something hits you.
* * * LOW HITPOINT WARNING * * *
You closely miss something. You miss something. Something hits you.
* * * LOW HITPOINT WARNING * * *
You hit something. Something hits you but does no damage.
You miss something. Something hits you!
You die...
Your body rises from the dead as a mindless zombie.

..##.# #..#
..##.######..#######
...........?........
#.##.........######
#.#########.#.##
#....# #.###.## .###
#.# ##.## .# ...
##.Z.# .# .## #..{@#
.# # #.#..Z# ##
#.......# #
#.#...#.# .
....#.#... # ##...∩
..## #..#. .. ..
#[#.. .. ## .. . .##


You could see a friendly ball python zombie and a friendly orc zombie.

Vanquished Creatures
  An orc priest (D:2)
  An orc wizard (D:2)
  Robin (D:2)
  2 adders (D:2)
  2 dart slugs (D:1)
  3 orcs (D:2)
  4 ball pythons
  5 bats
  7 endoplasms
  A giant cockroach (D:1)
  10 goblins
  5 hobgoblins
  4 kobolds
  3 quokkas
49 creatures vanquished.

Vanquished Creatures (collateral kills)
  3 goblins (D:2)
  2 hobgoblins (D:2)
5 creatures vanquished.

Vanquished Creatures (others)
  2 adder zombies (D:2)
  2 ball python zombies (D:2)
  A giant cockroach zombie (D:2)
  6 goblin zombies (D:2)
  2 hobgoblin zombies (D:2)
  2 orc zombies (D:2)
  7 plants (D:1)
22 creatures vanquished.

Grand Total: 76 creatures vanquished

Notes
Turn   | Place    | Note
-------+----------+-------------------------------------------
     0 | D:1      | dolemite99 the Hill Orc Gladiator began the quest for the
                  | Orb.
     0 | D:1      | Reached XP level 1. HP: 18/18 MP: 1/1
   188 | D:1      | Reached XP level 2. HP: 20/25 MP: 2/2
   314 | D:1      | Reached skill level 5 in Axes
   677 | D:1      | Reached XP level 3. HP: 28/28 MP: 3/3
  1400 | D:2      | Found Sioteg's Weapon Shop.
  1486 | D:2      | Found a faded altar of an unknown god.
  1496 | D:2      | Prayed at the altar of an unknown god.
  1496 | D:2      | Became a worshipper of Yredelemnul the Dark
  1496 | D:2      | Reached * piety under Yredelemnul
  1619 | D:2      | Reached skill level 6 in Axes
  1773 | D:2      | Noticed Robin
  1789 | D:2      | Reached XP level 4. HP: 32/37 MP: 4/4
  1816 | D:2      | Killed Robin
  1977 | D:2      | Your ally Robin died
  1991 | D:2      | Reached skill level 7 in Axes
  1991 | D:2      | Reached XP level 5. HP: 24/42 MP: 5/5
  2505 | D:2      | Found Jalosid's Antique Armour Emporium.
  2510 | D:2      | Noticed Sigmund
  2511 | D:2      | Found Cyutaest's Jewellery Boutique.
  2528 | D:2      | HP: 1/42 [something (7)]
  2533 | D:2      | Slain by Sigmund

Illustrated notes

Levels and vault maps discovered:
D:1:      psy_arrival_statuary, layout_basic, serial_bayou_lagoon_a
D:2:      layout_loops_ring, dreamdust_ecumenical_altar_sealed_demon,
          basic_altar, serial_bayou, serial_bayou_shore_b,
          serial_bayou_crossing, serial_bayou_pond_c, serial_bayou_pond_a,
          serial_shops, nicolae_shop_advertising_works
          [nicolae_subvault_shop_adworks], shop, nicolae_lakefront_shop, shop,
          shop, uniq_robin, uniq_sigmund, uniq_crazy_yiuf_cottage

Skill      XL: |  1  2  3  4 |
---------------+-------------+-----
Axes           | 5 6 7 |  7.7
Fighting       | |  2.4
Throwing       | |  1.7
Dodging        | |  2.4

Action                   |  1- 3 |  4- 6 || total
-------------------------+-------+-------++-------
Melee: War axe           |    85 |    46 ||   131
       Punch             |     1 |     1 ||     2
  Use: Potion            |       |     2 ||     2
       Scroll            |       |     1 ||     1
Armor: Leather armour    |    12 |       ||    12
       Chain mail        |    32 |    35 ||    67
Dodge: Dodged            |    53 |    14 ||    67
